 Dungeon Sprint DCSS version 0.29-a0-337-g68df138881 (webtiles) character file.

Game seed: 1717369306803982434

15162 mhtbhm the Draconian Blade (level 11, -5/117 HPs)
             Began as a Yellow Draconian Berserker on Apr 16, 2022.
             Was the Champion of Trog.
             Slain by a deep troll (10 damage)
             ... in the Dungeon (Sprint IX: "|||||||||||||||||||||||||||||").
             The game lasted 00:03:23 (1382 turns).

mhtbhm the Draconian Blade (DrBe)                   Turns: 1382, Time: 00:03:23

Health: -5/117     AC:  9    Str: 27    XL:     11   Next: 98%
Magic:  11/11      EV: 17    Int: 11    God:    Trog [******]
Gold:   1278       SH:  0    Dex: 10    Spells: 10/10 levels left

rFire   . . .      SeeInvis .   a - +7 Screaming Sword {vorpal, sonic wave}
rCold   . . .      Faith    .   (no shield)
rNeg    . . .      Spirit   .   (body armour unavailable)
rPois   .          Reflect  .   (helmet restricted)
rElec   .          Harm     .   (no cloak)
rCorr   +          Rampage  .   u - +0 pair of gloves
Will    .....      NoTele   +   j - +0 pair of boots
Stlth   ++........              (no amulet)
HPRegen 0.29/turn               k - +3 ring of strength
MPRegen 0.12/turn               l - +3 ring of intelligence

@: short of breath, on berserk cooldown, slowed, very slow
A: spit acid, AC +7, unfitting armour, cold-blooded, acid resistance
a: Breathe Acid, Renounce Religion, Berserk, Trog's Hand, Brothers in Arms


You were in the Dungeon.
You worshipped Trog.
Trog was exalted by your worship.
You visited 1 branch You collected 1278 gold pieces.

Inventory:

Hand Weapons
 a - the +7 Screaming Sword (weapon) {vorpal, sonic wave}
   (You found it in the Dungeon)

   It inflicts extra damage upon your enemies.
   It radiates damaging sonic waves as it strikes, especially in combat
   involving dangerous or numerous foes.
 v - a +3 triple sword of flaming
Armour
 j - a +0 pair of boots (worn)
 u - a +0 pair of gloves (worn)
Jewellery
 k - a +3 ring of strength (left hand)
 l - a +3 ring of intelligence (right hand)
Wands
 i - a wand of acid (9)
Scrolls
 g - 3 scrolls of blinking
 o - 2 scrolls of fog
 p - 2 scrolls of enchant armour
 q - a scroll of fear
 r - 2 scrolls of enchant weapon
 s - a scroll of identify
Potions
 b - 5 potions of curing
 c - 7 potions of heal wounds
 d - a potion of haste
 e - 4 potions of magic
 f - 2 potions of berserk rage
 h - a potion of invisibility
 m - a potion of might
 n - 2 potions of mutation
 t - 2 potions of resistance


   Skills:
 + Level 17.6 Fighting
 + Level 21.0 Long Blades
 + Level 14.5 Dodging
 + Level 2.1 Stealth
 + Level 0.1 Evocations


You had 10 spell levels left.
You didn't know any spells.
Your spell library was empty.

Dungeon Overview and Level Annotations

Branches:
Dungeon (1/1)

Altars:
Cheibriados
Dithmenos
Elyvilon
Fedhas
Gozag
Hepliaklqana
Kikubaaqudgha
Makhleb
Nemelex Xobeh
Okawaru
Qazlal
Ru
Sif Muna
Trog
Uskayaw
Vehumet
Wu Jian
Xom
Yredelemnul
Zin
The Shining One
Beogh
Jiyva
Lugonu

Shops:
D =(?*


Innate Abilities, Weirdness & Mutations

You can spit globs of acid.
Your golden yellow scales are hard. (AC +7)
You cannot fit into any form of body armour.
You are cold-blooded and may be slowed by cold attacks.
You are resistant to acid. (rCorr)


Message History

The bolt of magma hits you!
Unknown command.
Okay, then.
Aiming: Corrosive Bolt
Press: ? - help, Shift-Dir - straight line, f - deep troll
Aim: a deep troll (lightly wounded, 71% to hit)
The bolt of acid hits something!
The acid corrodes something!
Trog accepts your kill.
Trog appreciates your killing of a magic user.
Reactivating autopickup.
You feel a bit more experienced.
The bolt of acid hits the deep troll!
The acid corrodes the deep troll!
The deep troll is moderately wounded.
The bolt of acid hits the iron troll!
The iron troll is moderately wounded.
The bolt of acid misses the ettin.
Your Long Blades skill increases to level 21!
Unknown command.
Unknown command.
You hit the deep troll.
The Screaming Sword shrieks, "I AM IRON GIVEN PURPOSE!"
You send a blast of sound all around you.
The ettin, the iron troll and the deep troll are blasted.
The ettin is heavily wounded.
The iron troll is heavily wounded.
The deep troll is severely wounded. x2
The deep troll bites you! The deep troll claws you!
* * * LOW HITPOINT WARNING * * *
The deep troll barely misses you.
Unknown command.
Unknown command.
You barely miss the deep troll.
The deep troll is severely wounded.
The deep troll bites you!
* * * LOW HITPOINT WARNING * * *
The deep troll claws you!
* * * LOW HITPOINT WARNING * * *
The deep troll closely misses you. The deep troll bites you!
* * * LOW HITPOINT WARNING * * *
The deep troll misses you. The deep troll claws you!
You die...

.†.).)...)..)..[.[.)?.'__________
▓▓▓▓▓▓▓▓▓▓▓▓▓▓▓▓▓▓▓▓▓▓▓▓▓▓▓▓▓▓▓▓▓
.................................
▓▓▓▓▓▓▓▓▓▓▓▓▓▓▓▓▓▓▓▓▓▓▓▓▓▓▓▓▓▓▓▓▓
'..[[.[..'...?....†..)'..÷.....†'
▓▓▓▓▓▓▓▓▓▓▓▓▓▓▓▓▓▓▓▓▓▓▓▓▓▓▓▓▓▓▓▓▓
.................................
▓▓▓▓▓▓▓▓▓▓▓▓▓▓▓▓▓▓▓▓▓▓▓▓▓▓▓▓▓▓▓▓▓
..∩.CTT@∩))$(('.).))))))
▓▓▓▓▓▓▓▓▓▓▓▓▓▓▓▓▓▓▓▓▓▓▓▓


You could see an iron troll, an ettin and a deep troll (corroded).

Vanquished Creatures
  2 stone giants (D)
  A hydra (D)
  A two-headed ogre (D)
  2 ogre magi (D)
  A centaur warrior (D)
  An iron troll (D)
  2 deep trolls (D)
  A deep elf pyromancer (D)
  3 orc knights (D)
  A manticore (D)
  Psyche (D)
  A black mamba (D)
  4 cane toads (D)
  An unseen horror (D)
  A komodo dragon (D)
  A tengu conjurer (D)
  3 trolls (D)
  3 polar bears (D)
  A blink frog (D)
  A wyvern (D)
  A wraith (D)
  3 yaks (D)
  A basilisk (D)
  2 water moccasins (D)
  7 orc warriors (D)
  5 black bears (D)
  An ice beast (D)
  A wolf (D)
  A centaur (D)
  A kobold brigand (D)
  3 bullfrogs (D)
  A killer bee (D)
  A hound (D)
  5 orc priests (D)
  6 orc wizards (D)
  A white imp (D)
  5 orcs (D)
  2 goblins (D)
  2 hobgoblins (D)
  2 quokkas (D)
  A rat (D)
84 creatures vanquished.

Notes
Turn   | Place    | Note
-------+----------+-------------------------------------------
     0 | D        | mhtbhm the Draconian Berserker began the quest for the Orb.
     0 | D        | Reached XP level 1. HP: 19/19 MP: 1/1
     2 | D        | Banished a spatial maelstrom
    14 | D        | Reached ** piety under Trog
    52 | D        | Noticed an ice beast
    52 | D        | Noticed a hound
    61 | D        | Killed a hound
    62 | D        | Reached skill level 5 in Fighting
    62 | D        | Reached skill level 5 in Long Blades
    62 | D        | Reached XP level 2. HP: 29/29 MP: 2/2
    62 | D        | Reached XP level 3. HP: 36/36 MP: 3/3
    65 | D        | Reached *** piety under Trog
    70 | D        | Killed an ice beast
    71 | D        | Reached skill level 6 in Long Blades
    71 | D        | Reached skill level 5 in Dodging
    71 | D        | Reached XP level 4. HP: 40/45 MP: 4/4
    75 | D        | Reached skill level 7 in Long Blades
    80 | D        | Found a snail-covered altar of Cheibriados.
    80 | D        | Found a shadowy altar of Dithmenos.
    80 | D        | Found a white marble altar of Elyvilon.
    80 | D        | Found a blossoming altar of Fedhas.
    80 | D        | Found an opulent altar of Gozag.
    81 | D        | Found a hazy altar of Hepliaklqana.
    82 | D        | Found a viscous altar of Jiyva.
    83 | D        | Found an ancient bone altar of Kikubaaqudgha.
    84 | D        | Found a corrupted altar of Lugonu.
    85 | D        | Found a burning altar of Makhleb.
    86 | D        | Found a sparkling altar of Nemelex Xobeh.
    87 | D        | Found an iron altar of Okawaru.
    88 | D        | Found a stormy altar of Qazlal.
    89 | D        | Found a sacrificial altar of Ru.
    90 | D        | Found a shimmering blue altar of Sif Muna.
    91 | D        | Found a bloodstained altar of Trog.
    92 | D        | Found a hide-covered altar of Uskayaw.
    93 | D        | Found a radiant altar of Vehumet.
    94 | D        | Found an ornate altar of the Wu Jian Council.
    95 | D        | Found a shimmering altar of Xom.
    96 | D        | Found a basalt altar of Yredelemnul.
    97 | D        | Found a glowing silver altar of Zin.
    98 | D        | Found a glowing golden altar of the Shining One.
   106 | D        | Found the +7 Singing Sword {vorpal, sonic wave}
   195 | D        | Noticed a centaur
   195 | D        | Noticed a kobold brigand
   195 | D        | Noticed a yak
   197 | D        | Reached **** piety under Trog
   197 | D        | Killed a yak
   198 | D        | Reached skill level 9 in Long Blades
   198 | D        | Reached XP level 5. HP: 56/56 MP: 5/5
   198 | D        | Reached XP level 6. HP: 62/62 MP: 6/6
   198 | D        | Reached ***** piety under Trog
   199 | D        | Reached skill level 10 in Long Blades
   206 | D        | Killed an unseen horror
   207 | D        | Reached skill level 10 in Fighting
   207 | D        | Reached skill level 11 in Long Blades
   207 | D        | Your scales start taking on a golden yellow colour.
   207 | D        | Reached XP level 7. HP: 72/72 MP: 7/7
   207 | D        | Gained mutation: You are resistant to acid. (rCorr) [Yellow
                  | Draconian growth]
   264 | D        | Noticed a manticore
   264 | D        | Noticed a tengu conjurer
   264 | D        | Noticed a two-headed ogre
   264 | D        | Noticed a centaur warrior
   264 | D        | Noticed a wraith
   264 | D        | Noticed a deep elf pyromancer
   267 | D        | Noticed a fire elemental
   267 | D        | Killed a deep elf pyromancer
   268 | D        | Reached skill level 12 in Long Blades
   268 | D        | Reached XP level 8. HP: 82/82 MP: 8/8
   268 | D        | Killed a tengu conjurer
   269 | D        | Reached skill level 13 in Long Blades
   272 | D        | Killed a centaur warrior
   273 | D        | Reached skill level 14 in Long Blades
   273 | D        | Reached skill level 10 in Dodging
   273 | D        | Reached XP level 9. HP: 90/90 MP: 9/9
   273 | D        | Killed a two-headed ogre
   274 | D        | Reached skill level 15 in Long Blades
   276 | D        | Killed a manticore
   472 | D        | Noticed a cane toad
   472 | D        | Noticed a cane toad
   478 | D        | Reached ****** piety under Trog
   483 | D        | Killed a cane toad
   483 | D        | Received a gift from Trog
   484 | D        | Reached skill level 16 in Long Blades
   484 | D        | Reached XP level 10. HP: 102/102 MP: 10/10
   485 | D        | Killed a cane toad
   545 | D        | Noticed a cane toad
   545 | D        | Noticed a black mamba
   545 | D        | Noticed an eight-headed hydra
   576 | D        | Killed a black mamba
   577 | D        | Reached skill level 17 in Long Blades
   578 | D        | Noticed a cane toad
   579 | D        | Killed an 11-headed hydra
   579 | D        | Received a gift from Trog
   580 | D        | Killed a cane toad
   807 | D        | Killed a cane toad
   825 | D        | Reached skill level 15 in Fighting
   825 | D        | Reached skill level 18 in Long Blades
   826 | D        | Received a gift from Trog
   928 | D        | Noticed Psyche
   933 | D        | Killed Psyche
   934 | D        | Reached XP level 11. HP: 102/112 MP: 11/11
   999 | D        | Received a gift from Trog
  1012 | D        | Received a gift from Trog
  1141 | D        | Noticed an orc knight
  1141 | D        | Noticed an orc knight
  1145 | D        | Received a gift from Trog
  1146 | D        | Killed an orc knight
  1147 | D        | Reached skill level 19 in Long Blades
  1147 | D        | Reached skill level 1 in Stealth
  1149 | D        | Noticed an orc knight
  1153 | D        | Killed an orc knight
  1159 | D        | Killed an orc knight
  1159 | D        | Received a gift from Trog
  1355 | D        | Found Ydiovir's Assorted Antiques.
  1355 | D        | Noticed a deep troll
  1355 | D        | Noticed a stone giant
  1355 | D        | Noticed a stone giant
  1362 | D        | Noticed an iron troll
  1365 | D        | Killed a deep troll
  1365 | D        | Killed a stone giant
  1366 | D        | Reached skill level 20 in Long Blades
  1366 | D        | Found Jismeaj's Magic Scroll Shop.
  1366 | D        | Noticed an ogre mage
  1368 | D        | Killed a stone giant
  1369 | D        | Noticed a deep troll
  1370 | D        | Found Xysiqito's Antique Weapon Boutique.
  1371 | D        | Killed an iron troll
  1371 | D        | Noticed an ogre mage
  1373 | D        | Killed an ogre mage
  1373 | D        | Received a gift from Trog
  1373 | D        | Noticed a deep troll
  1374 | D        | Found Riloumeh's Jewellery Shop.
  1374 | D        | Noticed an iron troll
  1375 | D        | Killed a deep troll
  1377 | D        | Noticed an ettin
  1380 | D        | Killed an ogre mage
  1381 | D        | Reached skill level 21 in Long Blades
  1382 | D        | HP: 5/117 [deep troll (13)]
  1382 | D        | Slain by a deep troll

Illustrated notes

Levels and vault maps discovered:
D:        linesprint [early_d, line_temple, items_1, d_10, items_2, lair_1,
          lair_end, items_3, orc_1, orc_end, items_4, d_15, swamp_1, shoals_1,
          snake_1, spider_1, d_20, vaults_1, items_5, swamp_end, shoals_end,
          snake_end, spider_end, vaults_end, d_27, items_6, zot_1, zot_end,
          crypt_end, forest_end, elf_end, slime_end, tomb_end, abyss_end,
          pan_hell_end]

Skill      XL: |  1  2  3  4  5  6  7  8  9 10 11 |
---------------+----------------------------------+-----
Dodging        | 4 5 7 8 9 10 11 13 14 | 14.5
Fighting       | 5 6 8 10 11 12 13 15 17 | 17.6
Long Blades    | 5 6 9 11 12 14 16 18 21 | 21.0
Stealth        | 2 |  2.1
Evocations     | |  0.1

Action                   |  1- 3 |  4- 6 |  7- 9 | 10-12 || total
-------------------------+-------+-------+-------+-------++-------
Melee: Falchion          |    30 |     4 |       |       ||    34
       Tailslap          |     3 |     1 |     2 |     9 ||    15
       Double sword      |       |     7 |    13 |    74 ||    94
Invok: Berserk           |     1 |     1 |     2 |     3 ||     7
 Abil: Breathe Acid      |       |       |     2 |     5 ||     7
Evoke: Wand              |       |       |       |     1 ||     1
Armor: Skin              |     5 |     4 |     3 |    15 ||    27
Dodge: Dodged            |    15 |     3 |     4 |    56 ||    78

Table legend: (Time is in decaauts)
 A = Elapsed time spent in this place.
 B = Non-inter-level travel time spent in this place.
 C = Inter-level travel time spent in this place.
 D = Time resting spent in this place.
 E = Time spent auto-exploring this place.
 F = Levels seen in this place.
 G = Mean time per level.
                   A        B        C        D        E       F      G
               +--------+--------+--------+--------+--------+-----+--------+
         Total |   1397 |   1397 |      0 |    659 |    356 |   1 | 1397.0 |
       Dungeon |   1397 |   1397 |      0 |    659 |    356 |   1 | 1397.0 |
               +--------+--------+--------+--------+--------+-----+--------+

Top non-repeatable levels by time:
       D: 1397 daAuts
